 Dungeon Crawl Stone Soup version 0.29-a0-275-g389c0b56f3 (webtiles) character file.

Game seed: 17941159429449139762

116 spaghetti the Cudgeller (level 5, -3/54 HPs)
             Began as an Ogre Chaos Knight on Mar 12, 2022.
             Was a Plaything of Xom.
             Slain by a sixfirhy (12 damage)
             ... summoned by Xom
             ... on level 3 of the Dungeon.
             The game lasted 00:04:14 (3342 turns).

spaghetti the Cudgeller (Ogre Chaos Knight)         Turns: 3342, Time: 00:04:15

Health: -3/54      AC:  7    Str: 18    XL:     5   Next: 0%
Magic:  5/5        EV:  8    Int: 13    God:    Xom [......]
Gold:   126        SH:  6    Dex:  8    Spells: 4/4 levels left

rFire   . . .      SeeInvis .   a - +0 mace (chaos) {mace}
rCold   . . .      Faith    .   n - +0 kite shield
rNeg    . . .      Spirit   .   b - +2 robe
rPois   .          Reflect  .   (helmet restricted)
rElec   .          Harm     .   m - +1 cloak
rCorr   .          Rampage  .   (gloves unavailable)
Will    .....                   (boots unavailable)
Stlth   +.........              (no amulet)
HPRegen 0.18/turn               (no ring)
MPRegen 0.09/turn               (no ring)

@: attractive
A: large, unfitting armour, tough skin 1
a: Renounce Religion


You were on level 3 of the Dungeon.
You worshipped Xom.
You were a very special plaything of Xom.
You visited 1 branch of the dungeon, and saw 3 of its levels.

You collected 126 gold pieces.


Innate Abilities, Weirdness & Mutations

You are too large for most types of armour.
You have tough skin. (AC +1)


   Skills:
 - Level 4.0 Fighting
 + Level 4.4 Maces & Flails
 - Level 2.1 Dodging
 * Level 2.0 Shields


You had 4 spell levels left.
You didn't know any spells.
Your spell library was empty.

Inventory:

Hand Weapons
 a - a +0 mace of chaos (weapon) {mace}
Missiles
 f - 24 stones (quivered) {throwing}
 h - 3 poisoned darts {throwing}
Armour
 b - a +2 robe (worn)
 m - a +1 cloak (worn)
   (You found it on level 2 of the Dungeon)
 n - a +0 kite shield (worn)
   (You found it on level 2 of the Dungeon)
Scrolls
 d - 2 scrolls of amnesia
 i - a scroll of immolation {!r!r}
 l - a scroll of blinking {!r}
Potions
 g - 2 potions of curing {@q1}
 j - 2 potions of degeneration {!q@e2}
 k - a potion of heal wounds {@q2}
 o - a potion of attraction {!q}
 p - 2 potions of haste {unknown}
Miscellaneous
 c - a piece from Xom's chessboard (12/15)

Dungeon Overview and Level Annotations

Branches:
Dungeon (3/15)

Altars:

Shops:
D:3

( ....#
#...#.##......# #.###
#.....##.#...##
#.######.......##.##
.....#.......#.##..##
#.##.#.........##.#.##
..##.#.......###.###.#
####.#.......#
##.#.####
####.#.......#
#.3.....#
.†...#.......#
#@#.###.#
###.#........# #.#.#
#.# ##.###.#######
#.#.. #J# ..## ##.#
..##.##.# ##.###.##
..# .##.# ##.#.###.###
#... ....# ##.........
#.## .#### ######.##.
..


You could see a sixfirhy (summoned).


Message History

😕 HP[-4]
You take 4 damage, and now have 44/48 hp.
You closely miss the quokka.
The quokka bites you but does no damage.
You hit the quokka but do no damage.
The quokka bites you but does no damage.
The quokka misses you.
You hit the quokka.
You kill the quokka!
You have reached level 5! 😕 HP[+6] MP[+1]
You now have 54 max hp (+6).
You regained 6 hp, and now have 50/54 hp.
Your mp is fully restored (5).
You now have 126 gold pieces (gained 16).
A kobold comes into view. It is wielding a +0 whip.
A kobold is nearby! 😎 HP[+4]
Your hp is fully restored (54).
A kobold is nearby!
A kobold is nearby!
You throw a stone {throwing}.
The stone {throwing} hits the kobold but does no damage.
You throw a stone {throwing}.
The stone {throwing} barely misses the kobold.
You closely miss the kobold. The kobold hits you but does no damage.
The kobold hits you with a +0 whip. 😕 HP[-4]
You take 4 damage, and now have 50/54 hp.
You sock the kobold!
You kill the kobold!
Your Shields skill increases to level 2!
No target in view!
No target in view!
No target in view!
No target in view!
No target in view!
No target in view!
No target in view!
No target in view!
No target in view!
No target in view!
No target in view!
Things that are here:
a +0 whip {mace}; a kobold corpse; 😎 HP[+4]
Your hp is fully restored (54).
f - 21 stones {throwing} (gained 1) Key pressed, stopping explore.
Things that are here:
a +0 whip {mace}; a kobold corpse
j - 2 potions of degeneration {!q@e2} (gained 1)
f - 24 stones {throwing} (gained 3)
You see here a +0 club {mace}.
Key pressed, stopping explore.
No target in view!
No target in view!
No target in view!
No target in view!
No target in view!
No target in view!
No target in view!
No target in view! "Time to have some fun!"
Aiming: Paralyse
Press: ? - help, Shift-Dir - straight line, f - sixfirhy
Aim: a sixfirhy (summoned, chance to affect: 17%)
The sixfirhy resists with almost no effort.
The sixfirhy hits you. The sixfirhy shocks you!
The sixfirhy hits you but does no damage.
The sixfirhy barely misses you. The sixfirhy hits you. The sixfirhy shocks you!
* * * LOW HITPOINT WARNING * * *
😨 HP[-27]
You take 27 damage, and now have 27/54 hp.
MASSIVE DAMAGE!! (PAUSE)
Aiming: Paralyse
Press: ? - help, Shift-Dir - straight line, f/p - sixfirhy
Aim: a sixfirhy (summoned, chance to affect: 17%)
The sixfirhy resists with almost no effort.
You block the sixfirhy's attack.
The sixfirhy hits you but does no damage. x2
Aiming: Paralyse
Press: ? - help, Shift-Dir - straight line, f/p - sixfirhy
Aim: a sixfirhy (summoned, chance to affect: 17%)
The sixfirhy resists with almost no effort.
The now-empty wand crumbles to dust.
No previous command to re-do.
You feel much better. 😕 HP[+19]
You regained 19 hp, and now have 46/54 hp.
It was a potion of attraction.
You feel attractive to monsters.
Xom is highly amused!
The sixfirhy hits you! The sixfirhy shocks you! The sixfirhy hits you.
* * * LOW HITPOINT WARNING * * *
The sixfirhy shocks you!
* * * LOW HITPOINT WARNING * * *
The sixfirhy hits you!
* * * LOW HITPOINT WARNING * * *
The sixfirhy shocks you!
You die...

Skill      XL: |  1  2  3  4  5 |
---------------+----------------+-----
Maces & Flails | 3 4 |  4.4
Shields        | 1 2 |  2.0
Fighting       | |  4.0
Dodging        | |  2.1

Action                   |  1- 3 |  4- 6 || total
-------------------------+-------+-------++-------
Melee: Mace              |   101 |    60 ||   161
       Punch             |     1 |       ||     1
Throw: Stone             |    67 |    19 ||    86
       Dart              |     4 |       ||     4
Evoke: Piece from Xom's  |     9 |       ||     9
       Wand              |       |     3 ||     3
  Use: Scroll            |     5 |     1 ||     6
       Potion            |       |     2 ||     2
 Stab: Distracted        |       |     1 ||     1
       Sleeping          |       |     1 ||     1
Armor: Robe              |    41 |    38 ||    79
Dodge: Dodged            |    44 |    37 ||    81
Block: Kite shield       |     1 |    21 ||    22

Levels and vault maps discovered:
D:1:      lightli_arrival_maybe_door_vault, layout_loops_ring,
          dreamdust_ecumenical_altar_drowned_temple, corexii_corridor_pit
D:2:      layout_basic, chequers_big_river, minmay_lizard_pond
D:3:      layout_loops_cross, serial_shops, shop, uniq_natasha

Notes
Turn   | Place    | Note
-------+----------+-------------------------------------------
     0 | D:1      | spaghetti the Ogre Chaos Knight began the quest for the
                  | Orb.
     0 | D:1      | Reached XP level 1. HP: 24/24 MP: 1/1
     0 | D:1      | magus.rc [v1.9.6]
   197 | D:1      | Reached skill level 3 in Maces & Flails
   338 | D:1      | Reached XP level 2. HP: 29/32 MP: 2/2
   731 | D:1      | Found a faded altar of an unknown god.
   895 | D:1      | XOM: silly message
  1168 | D:1      | XOM: divination: detect items
  1226 | D:1      | Reached XP level 3. HP: 36/39 MP: 3/3
  1577 | D:2      | XOM: 1-stop teleportation journey
  1682 | D:2      | Reached skill level 4 in Maces & Flails
  1844 | D:2      | XOM: 6-stop teleportation journey
  2243 | D:2      | Reached XP level 4. HP: 46/47 MP: 4/4
  2424 | D:2      | XOM: summons 2 hostile shadow creatures
  2546 | D:3      | Found Acozxuv's Weapon Boutique.
  2624 | D:3      | Noticed Natasha
  2637 | D:3      | Killed Natasha
  2638 | D:3      | Reached skill level 1 in Shields
  2895 | D:3      | XOM: 11-stop teleportation journey
  3047 | D:3      | Reached XP level 5. HP: 50/54 MP: 5/5
  3094 | D:3      | Reached skill level 2 in Shields
  3337 | D:3      | XOM: summons 1 hostile demon
  3338 | D:3      | Noticed a sixfirhy
  3342 | D:3      | HP: 9/54 [sixfirhy[Xom] (7)]
  3342 | D:3      | Slain by a sixfirhy

Vanquished Creatures
  Natasha (D:3)
  3 adders
  5 dart slugs
  An orc (D:3)
  2 bats
  8 endoplasms
  5 goblins
  3 hobgoblins
  6 kobolds
  4 quokkas
  A ball python (D:2)
  8 frilled lizards
  5 rats
  A spectral kobold (D:1)
53 creatures vanquished.

Vanquished Creatures (collateral kills)
  A kobold (D:3)
1 creature vanquished.

Grand Total: 54 creatures vanquished

Table legend:
 A = Non-vault XP
 B = Vault XP
 C = Vault XP percentage of total XP
 D = Non-vault monster count
 E = Vault monster count
 F = Vault count percentage of total count
                 A         B        C        D         E       F
            +---------+---------+-------+---------+---------+-------
      Total |     125 |      41 |  24.7 |      47 |       7 |  13.0
            +---------+---------+-------+---------+---------+-------
        D:1 |      35 |       1 |   2.8 |      17 |       1 |   5.6
        D:2 |      48 |       5 |   9.4 |      20 |       5 |  20.0
        D:3 |      42 |      35 |  45.5 |      10 |       1 |   9.1
            +---------+---------+-------+---------+---------+-------

Illustrated notes

Table legend:
 A = Kills in this place as a percentage of kills in entire the game.
 B = Kills by you in this place as a percentage of kills by you in the entire game.
 C = Kills by friends in this place as a percentage of kills by friends in the entire game.
 D = Other kills in this place as a percentage of other kills in the entire game.
 E = Experience gained in this place as a percentage of experience gained in the entire game.
 F = Experience gained in this place divided by the number of levels of this place that you have seen.
                   A       B       C       D       E      F
               +-------+-------+-------+-------+-------+----------------------
         Total | 100.0 | 100.0 | 100.0 |   N/A | 100.0 |  55.3
       Dungeon | 100.0 | 100.0 | 100.0 |   N/A | 100.0 |  55.3
               +-------+-------+-------+-------+-------+----------------------

Table legend: (Time is in decaauts)
 A = Elapsed time spent in this place.
 B = Non-inter-level travel time spent in this place.
 C = Inter-level travel time spent in this place.
 D = Time resting spent in this place.
 E = Time spent auto-exploring this place.
 F = Levels seen in this place.
 G = Mean time per level.
                   A        B        C        D        E       F      G
               +--------+--------+--------+--------+--------+-----+--------+
         Total |   3437 |   3311 |    126 |    318 |   2502 |   3 | 1145.7 |
       Dungeon |   3437 |   3311 |    126 |    318 |   2502 |   3 | 1145.7 |
               +--------+--------+--------+--------+--------+-----+--------+

Top non-repeatable levels by time:
     D:1: 1483 daAuts
     D:2: 1124 daAuts
     D:3: 829 daAuts
